 Dungeon Crawl Stone Soup version 0.14-a0-1585-g835621a (webtiles) character file.

579 PolkaDot the Ruinous (level 6, -4/41 HPs)
             Began as a Vampire Conjurer on Dec 22, 2013.
             Slain by an ogre
             ... wielding a +0,+0 giant club
              (14 damage)
             ... on Level 4 of the Dungeon.
             The game lasted 00:16:44 (3479 turns).

PolkaDot the Ruinous (Vampire Conjurer)             Turns: 3479, Time: 00:16:44

HP  -4/41        AC  2     Str  7      XL: 6   Next: 58%
MP   4/10        EV 12     Int 22      God:
Gold 168         SH  0     Dex 14      Spells:  3 memorised,  2 levels left

rFire  . . .     SeeInvis +     i - +4,+1 falchion of the Feather {slice, Int+3}
rCold  . . .     Clarity  .     a - +0 robe
rNeg   . . .     Conserve .     (no shield)
rPois  .         rCorr    .     (no helmet)
rElec  .         rRot     .     (no cloak)
SustAb . .       Spirit   .     (no gloves)
rMut   .         Warding  .     (no boots)
Saprov . . .     Stasis   .     (no amulet)
                                (no ring)
                                (no ring)

@: regenerating quickly, slightly resistant to hostile enchantments, stealthy
A: bottle blood, fangs 3, see invisible, unbreathing
a: Bottle Blood


You were on level 4 of the Dungeon.
You were very full.

You visited 1 branch of the dungeon, and saw 4 of its levels.

You collected 168 gold pieces.

Inventory:

Hand weapons
 i - the +4,+1 falchion of the Feather (weapon) {slice, Int+3}
   (You found it on level 4 of the Dungeon)

   It inflicts extra damage upon your enemies.
   It affects your intelligence (+3).
Missiles
 b - a throwing net [torn] (quivered)
Armour
 a - a +0 robe (worn)
 p - a +2 orcish leather armour of cold resistance
Magical devices
 h - a wand of slowing (14)
 j - a wand of enslavement (13)
Scrolls
 d - a scroll of teleportation {unknown}
 e - 5 scrolls of identify
 f - a scroll of blinking {unknown}
 g - 3 scrolls of fear {unknown}
 k - 3 scrolls of remove curse {unknown}
 l - 4 scrolls of noise {unknown}
 m - 2 scrolls of curse weapon {unknown}
 n - a scroll of recharging {unknown}
 o - a scroll of magic mapping {unknown}
Books
 c - a book of Conjurations

   Spells                             Type                      Level
   *Magic Dart                        Conjuration                  1
   *Searing Ray                       Conjuration                  2
   Dazzling Spray                     Conjuration/Hexes            3
   *Iskenderun's Mystic Blast         Conjuration                  4
   Iskenderun's Battlesphere          Conjuration/Charms           4
   Fulminant Prism                    Conjuration/Hexes            5
 q - the Catalogue of Scorching Conjuration
   (You found it on level 4 of the Dungeon)

   Spells                             Type                      Level
   *Magic Dart                        Conjuration                  1
   Conjure Flame                      Conjuration/Fire             3
   Stone Arrow                        Conjuration/Earth            3
   Freezing Cloud                     Conjuration/Ice/Air          6
   Delayed Fireball                   Conjuration/Fire             7


   Skills:
 - Level 2.1 Dodging
 - Level 3.0 Stealth
 - Level 2.0 Spellcasting
 * Level 6.0 Conjurations


You had 2 spell levels left.
You knew the following spells:

 Your Spells              Type           Power        Failure   Level  Hunger
a - Magic Dart            Conj           ####         1%          1    #......
d - Iskenderun's Mystic   Conj           ####....     12%         4    #####..
s - Searing Ray           Conj           ####..       1%          2    ##.....


Dungeon Overview and Level Annotations

Branches:
Dungeon (4/16)
 Temple: D:4-7

Altars:
Cheibriados
Fedhas
Kikubaaqudgha
Okawaru


Innate Abilities, Weirdness & Mutations

Your natural rate of healing is unusually fast.
You can bottle blood from corpses.
You have razor-sharp teeth.*
You have supernaturally acute eyesight.
You can survive without breathing.*


Message History

* * * LOW HITPOINT WARNING * * *
You see here a stone.
You see here an apple.
You aren't carrying any potions.
The goblin throws a stone.
The stone hits you!
* * * LOW HITPOINT WARNING * * *
You see here a stone.
The goblin throws a stone.
The stone hits you!
* * * LOW HITPOINT WARNING * * *
You see here a stone.
The goblin throws a stone.
The stone misses you.
Casting: Searing Ray
Confirm with . or Enter, or press ? or * to list all spells.
Aiming: Searing Ray
Press: ? - help, Shift-Dir - straight line, f/p - ogre
Aim: an ogre, wielding a giant club (heavily wounded)
The searing ray hits the ogre.
The ogre is heavily wounded.
The ogre hits you with a giant club!
You die...

#### ####(...().(...........#
...# #(....)##...........#
...##### #......###...........
...#...#######..g..###...........
.................(...............
.......(.................).......
.............................).)(
...............(O................
<............)..@...............(
..(....%.........................
.......<......)..................
.....)%...)..............!.......
....>...........................#
....##.......#...########......##
#...##.....###...####...#.....##≈
#####......###..)............##≈≈
# #.....##.................##≈.


You could see an ogre and a goblin.

Vanquished Creatures
  Edmund (D:4)
  3 orc wizards
  Ijyb (D:4)
  9 adders
  A giant mite (D:4)
  2 worms
  A giant eyeball (D:4)
  3 giant geckos
  An ooze (D:1)
  16 orcs
  A giant cockroach (D:1)
  10 goblins
  7 hobgoblins
  A jackal (D:3)
  6 kobolds
  A quokka (D:4)
  6 bats
  A goblin zombie (D:4)
  A hobgoblin skeleton (D:4)
  7 rats
79 creatures vanquished.

Notes
Turn   | Place    | Note
--------------------------------------------------------------
     0 | D:1      | PolkaDot, the Vampire Conjurer, began the quest for the Orb.
     0 | D:1      | Reached XP level 1. HP: 13/13 MP: 3/3
   189 | D:1      | Reached XP level 2. HP: 10/19 MP: 0/4
   232 | D:1      | Learned a level 2 spell: Searing Ray
   913 | D:2      | Reached XP level 3. HP: 20/24 MP: 6/6
  1192 | D:2      | Reached skill level 4 in Conjurations
  1498 | D:3      | Reached XP level 4. HP: 11/30 MP: 2/7
  1645 | D:3      | Learned a level 4 spell: Iskenderun's Mystic Blast
  2373 | D:3      | Reached XP level 5. HP: 21/35 MP: 3/9
  2671 | D:4      | Noticed Ijyb
  2683 | D:4      | Killed Ijyb
  2683 | D:4      | Reached skill level 5 in Conjurations
  2748 | D:4      | Found an iron altar of Okawaru.
  2761 | D:4      | Got a jewelled falchion
  2762 | D:4      | Identified the +4,+1 falchion of the Feather {slice, Int+3} (You found it on level 4 of the Dungeon)
  3186 | D:4      | Identified the Catalogue of Scorching Conjuration
  3191 | D:4      | Noticed Edmund
  3226 | D:4      | Found an ancient bone altar of Kikubaaqudgha.
  3226 | D:4      | Found a blossoming altar of Fedhas.
  3227 | D:4      | Found a snail-covered altar of Cheibriados.
  3278 | D:4      | Killed Edmund
  3278 | D:4      | Reached XP level 6. HP: 35/41 MP: 1/10
  3403 | D:4      | Reached skill level 6 in Conjurations
  3479 | D:4      | Slain by an ogre

Action                   |  1- 3 |  4- 6 || total
-------------------------+-------+-------++-------
Melee: Dagger            |   106 |     4 ||   110
       Falchion          |       |    77 ||    77
Throw: Throwing net      |     3 |       ||     3
 Cast: Magic Dart        |    11 |     4 ||    15
       Searing Ray       |     4 |    27 ||    31
Evoke: Wand              |     1 |     1 ||     2
  Use: Potion            |     7 |     4 ||    11
       Scroll            |     1 |     2 ||     3
 Stab: Sleeping          |     3 |     2 ||     5
